 Dungeon Crawl Stone Soup version 0.19-a0-1107-gc676ff4 (webtiles) character file.

698 DarthKuruptios the Skirmisher (level 7, 0/62 HPs)
             Began as a Minotaur Berserker on Aug 8, 2016.
             Was a Believer of Trog.
             Slain by Edmund
             ... wielding a +3 flail of crushing
              (2 damage)
             ... on level 5 of the Dungeon on Aug 9, 2016.
             The game lasted 00:10:10 (3287 turns).

DarthKuruptios the Skirmisher (Minotaur Berserker)  Turns: 3287, Time: 00:10:11

Health: 0/62       AC:  8    Str: 22    XL:     7   Next: 38%
Magic:  6/6        EV: 10    Int:  4    God:    Trog [**....]
Gold:   185        SH:  0    Dex: 11    Spells: 0 memorised, 6 levels left

rFire  . . .     SeeInvis .     t - -3 war axe (curse)
rCold  . . .     Gourm    .     i - +1 ring mail
rNeg   . . .     Faith    .     n - +0 buckler
rPois  .         Spirit   .     (helmet restricted)
rElec  .         Dismiss  .     s - +0 cloak
rCorr  .         Reflect  .     (no gloves)
SustAt .         Harm     .     (no boots)
MR     ++...                    (no amulet)
Stlth  ..........               a - ring of loudness (curse)
                                b - -2 ring of evasion (curse)

@: confused, regenerating
A: retaliatory headbutt, horns 2
a: Berserk, Trog's Hand, Burn Spellbooks, Renounce Religion


You were on level 5 of the Dungeon.
You worshipped Trog.
Trog was pleased with you.
You were very hungry.

You visited 1 branch of the dungeon, and saw 5 of its levels.

You collected 185 gold pieces.

Inventory:

Hand Weapons
 q - a +0 war axe
 t - a cursed -3 war axe (weapon)
Armour
 i - a +1 ring mail (worn)
 n - a +0 buckler (worn)
 s - a +0 cloak (worn)
Jewellery
 a - a cursed ring of loudness (right hand)
 b - a cursed -2 ring of evasion (left hand)
 f - a cursed ring of teleportation {unknown}
Scrolls
 e - 6 scrolls of identify
 j - a scroll of teleportation
 p - a scroll of enchant armour
Potions
 h - a potion of heal wounds {unknown}
 k - a potion of cancellation
 l - a potion of agility {unknown}
 m - 2 potions of curing {unknown}
 o - a potion of flight {unknown}
Comestibles
 c - 3 bread rations
 d - 2 meat rations


   Skills:
 + Level 5.9 Fighting
 + Level 5.6 Axes
 + Level 5.9 Armour
 + Level 4.7 Dodging
 + Level 0.1 Stealth
 + Level 0.8 Shields


You had 6 spell levels left.
You didn't know any spells.

Dungeon Overview and Level Annotations

Branches:
Dungeon (5/15)
 Temple: D:4-7

Altars:

Annotations:
D:5 Edmund


Innate Abilities, Weirdness & Mutations

You reflexively headbutt those who attack you in melee.
You have a pair of horns on your head.


Message History

You're too confused!
You're too confused to move!
You are feeling very hungry.
Edmund barely misses you. Edmund misses you.
Edmund hits you with a flail of crushing.
* * * LOW HITPOINT WARNING * * *
x2 You bump into the rock wall.
Edmund hits you with a flail of crushing!
* * * LOW HITPOINT WARNING * * *
x2 You closely miss Edmund.
Edmund is moderately wounded.
Edmund hits you but does no damage.
Edmund hits you with a flail of crushing.
* * * LOW HITPOINT WARNING * * *
x2 You bump into the rock wall.
You feel the effects of Trog's Hand fading.
Edmund hits you with a flail of crushing!
* * * LOW HITPOINT WARNING * * *
You die...

#.#.##.........#
#.#.......###..#
#...###.#####..########
###.# #........#......# #.#
########.#.####.#
#.#########....####.#
.#####.##.....##.......#.#
.........#@....##....##.#.#
#.#####...@....#####.##>#.#
#.##.....# #......#
#.##.....# #.......
#.######## #.##.##. ..#
#.##.##. ### #....##.
#..####. #..####.
#.#####......<


You could see Edmund (berserk).

Vanquished Creatures
  Pikel (D:4)
  A slave (D:4)
  A centaur skeleton (D:4)
  A hound (D:3)
  Crazy Yiuf (D:3)
  An iguana (D:4)
  A worker ant (D:4)
  Robin (D:3)
  3 adders (D:3)
  2 worms
  A dart slug (D:1)
  2 giant geckos (D:4)
  A ball python (D:2)
  6 bats
  8 goblins
  4 hobgoblins
  5 jackals
  A quokka (D:3)
  A giant newt (D:2)
  12 kobolds
  8 rats
62 creatures vanquished.

Notes
Turn   | Place    | Note
-------+----------+-------------------------------------------
     0 | D:1      | DarthKuruptios the Minotaur Berserker began the quest for the Orb.
     0 | D:1      | Reached XP level 1. HP: 19/19 MP: 0/0
   315 | D:1      | Reached XP level 2. HP: 27/27 MP: 1/1
   784 | D:2      | Upgraded the game from 0.19-a0-1104-gecadb88 to 0.19-a0-1107-gc676ff4
   912 | D:2      | Reached ** piety under Trog
  1278 | D:2      | Reached XP level 3. HP: 34/34 MP: 2/2
  1518 | D:3      | Found a runed door.
  1619 | D:3      | Reached XP level 4. HP: 39/41 MP: 3/3
  1666 | D:3      | Noticed Robin
  1674 | D:3      | Killed Robin
  1764 | D:3      | Reached skill level 5 in Fighting
  2103 | D:3      | Noticed Crazy Yiuf
  2107 | D:3      | Killed Crazy Yiuf
  2107 | D:3      | Reached XP level 5. HP: 35/48 MP: 4/4
  2547 | D:4      | Noticed a slave
  2549 | D:4      | Noticed Pikel
  2549 | D:4      | Noticed a slave
  2551 | D:4      | Noticed a slave
  2553 | D:4      | Noticed a slave
  2556 | D:4      | Killed a slave
  2568 | D:4      | Killed Pikel
  2568 | D:4      | Reached skill level 5 in Axes
  2568 | D:4      | Reached skill level 5 in Armour
  2568 | D:4      | Reached XP level 6. HP: 27/57 MP: 5/5
  2568 | D:4      | Reached XP level 7. HP: 30/62 MP: 6/6
  3221 | D:5      | Entered Level 5 of the Dungeon
  3275 | D:5      | Noticed Edmund
  3287 | D:5      | HP: 2/62 [Edmund/flail of crushing (12)]
  3287 | D:5      | Slain by Edmund

Vault maps used:
D:1:      elethiomel_arrival_quiet, minmay_misc_feat_iff
D:2:      minmay_misc_feat_nine_boxes, grunt_ministairs_6,
          minmay_misc_feat_enclosed
D:3:      minmay_distorted, uniq_robin, uniq_crazy_yiuf_cottage
D:4:      first_bread, uniq_pikel
D:5:      uniq_edmund

Skill      XL: |  1  2  3  4  5 |
---------------+----------------+-----
Fighting       | 4 5 |  5.9
Axes           | 4 5 |  5.6
Dodging        | 3 4 |  4.7
Armour         | 3 5 |  5.9
Stealth        | |  0.1
Shields        | |  0.8

Action                   |  1- 3 |  4- 6 |  7- 9 || total
-------------------------+-------+-------+-------++-------
Melee: Hand axe          |    60 |    26 |       ||    86
       Headbutt          |     7 |     8 |     7 ||    22
       War axe           |       |    29 |    29 ||    58
Invok: Trog's Hand       |       |     1 |     1 ||     2
       Berserk           |       |     1 |       ||     1
  Use: Scroll            |     8 |     1 |       ||     9
       Potion            |       |       |     1 ||     1
  Eat: Chunk             |     2 |     3 |     3 ||     8
Armor: Animal skin       |     3 |       |       ||     3
       Ring mail         |    20 |    23 |     7 ||    50
Dodge: Dodged            |    38 |    26 |    11 ||    75
Block: Buckler           |     3 |     5 |     4 ||    12
